 Dungeon Crawl Stone Soup version 0.25-a0-860-gf695395b5c (webtiles) character file.

Game seed: 3033115229751486853, levelgen mode: deterministic

201 DasRunzen the Firebug (level 5, -8/30 HPs)
             Began as a Tengu Fire Elementalist on Apr 29, 2020.
             Was an Initiate of Okawaru.
             Killed by divine providence
             ... invoked by an orc priest
              (15 damage)
             ... on level 3 of the Dungeon.
             The game lasted 00:05:42 (2028 turns).

DasRunzen the Firebug (Tengu Fire Elementalist)     Turns: 2028, Time: 00:05:43

Health: -8/30      AC:  3    Str:  8    XL:     5   Next: 79%
Magic:  1/10       EV: 18    Int: 17    God:    Okawaru [......]
Gold:   158        SH:  0    Dex: 14    Spells: 9/10 levels left

rFire    . . .     SeeInvis .   k - +0 short sword (freeze)
rCold    . . .     Gourm    .   (no shield)
rNeg     . . .     Faith    .   a - +1 robe
rPois    .         Spirit   .   (helmet restricted)
rElec    .         Reflect  .   (no cloak)
rCorr    .         Harm     .   (no gloves)
MR       .....                  (boots unavailable)
Stlth    ++........             (no amulet)
HPRegen  0.10/turn              g - +5 ring of evasion
MPRegen  0.12/turn              (no ring)

@: very slightly contaminated
A: beak, talons 3, able to fly
a: Fly, Renounce Religion


You were on level 3 of the Dungeon.
You worshipped Okawaru.
Okawaru was noncommittal.
You were not hungry.

You visited 1 branch of the dungeon, and saw 3 of its levels.

You collected 158 gold pieces.

Inventory:

Hand Weapons
 k - a +0 short sword of freezing (weapon)
Armour
 a - a +1 robe (worn)
Jewellery
 g - a +5 ring of evasion (left hand)
 m - an uncursed amulet of regeneration {unknown}
Scrolls
 f - 2 scrolls of remove curse
 i - a scroll of enchant armour
Potions
 b - a potion of mutation {unknown}
 d - 4 potions of curing
 e - a potion of stabbing {unknown}
 h - 3 potions of flight
 j - a potion of lignification {unknown}
 l - 2 potions of berserk rage {unknown}
Comestibles
 c - 3 rations
 o - 18 chunks of flesh


   Skills:
 + Level 2.1 Fighting
 + Level 3.4 Dodging
 - Level 2.0 Stealth
 + Level 3.0 Spellcasting
 + Level 3.3 Conjurations
 + Level 4.2 Fire Magic


You had 9 spell levels left.
You knew the following spells:

 Your Spells              Type           Power        Failure   Level  Hunger
a - Foxfire               Conj/Fire      ###.         3%          1    None

Your spell library contained the following spells:

 Spells                   Type           Power        Failure   Level  Hunger
 Conjure Flame            Conj/Fire      ###.....     11%         3    ###....
 Inner Flame              Hex/Fire       #.......     22%         3    ###....
 Sticky Flame             Conj/Fire      ###.....     36%         4    ####...
 Fireball                 Conj/Fire      ###.......   71%         5    ######.


Dungeon Overview and Level Annotations

Branches:
Dungeon (3/15)

Altars:
Gozag
Okawaru


Innate Abilities, Weirdness & Mutations

You have a beak for a mouth.
You have claws for feet.
You can fly continuously.


Message History

The orc closely misses you.
Unknown command.
The foxfire hits the orc.
You kill the orc!
Okawaru accepts your kill. The orc barely misses you.
Casting: Foxfire (safe; 3% risk of failure)
Confirm with . or Enter, or press ? or * to list all spells.
You conjure some foxfire!
Your foxfire dissipates!
The foxfire hits the orc priest.
The orc priest is almost dead.
The orc misses you.
Casting: Foxfire (safe; 3% risk of failure)
Confirm with . or Enter, or press ? or * to list all spells.
You conjure some foxfire!
The orc closely misses you.
The orc priest mumbles some strange prayers to Beogh against you.
Beogh smites you!
Ouch! That really hurt!
You die...

....#.#.#.....#
#####.#+#+#.###.#
#...........# ..
#...........###.#
#...#............
#.#.#.#.#.#
#.....#...#####.#
..######o..............#
......v@oo.)...........o
#.######v......#########
#...†...†......#
#######.#######.#
................
#######.##########
...........# #...
#######.##.# #.##
........##.# #.#


You could see an orc priest and 2 orcs.

Vanquished Creatures
  An orc priest (D:3)
  A worker ant (D:2)
  6 adders
  An ooze (D:3)
  A worm (D:2)
  A dart slug (D:2)
  2 leopard geckos
  8 orcs (D:3)
  6 bats
  A bat zombie (D:2)
  A giant cockroach (D:1)
  8 goblins
  4 hobgoblins
  10 jackals
  2 quokkas (D:3)
  A ball python skeleton (D:2)
  3 frilled lizards
  7 kobolds
  A leopard gecko skeleton (D:2)
  A quokka skeleton (D:2)
  A quokka zombie (D:2)
  9 rats
76 creatures vanquished.

Vanquished Creatures (others)
  104 foxfires
104 creatures vanquished.

Grand Total: 180 creatures vanquished

Notes
Turn   | Place    | Note
-------+----------+-------------------------------------------
     0 | D:1      | DasRunzen the Tengu Fire Elementalist began the quest for
                  | the Orb.
     0 | D:1      | Reached XP level 1. HP: 10/10 MP: 4/4
   183 | D:1      | Reached XP level 2. HP: 16/16 MP: 6/6
   735 | D:2      | Reached XP level 3. HP: 20/20 MP: 5/7
   738 | D:2      | Reached skill level 1 in Fighting
   789 | D:2      | Reached XP level 4. HP: 18/25 MP: 2/8
  1237 | D:2      | Found an opulent altar of Gozag.
  1360 | D:2      | Reached skill level 4 in Fire Magic
  1446 | D:2      | Gained mutation: You can fly continuously. [Tengu growth]
  1446 | D:2      | Reached XP level 5. HP: 28/30 MP: 10/10
  1823 | D:3      | Found an iron altar of Okawaru.
  1851 | D:3      | Became a worshipper of Warmaster Okawaru
  2028 | D:3      | Killed from afar by an orc priest

Levels and vault maps discovered:
D:1:      dpeg_arrival_rhombi, layout_loops_ring, chequers_serial_rivers_room_a,
          minmay_misc_feat_rows
D:2:      layout_basic, nicolae_gozag_cash_rules_everything_around_me,
          serial_undead, serial_undead_d, serial_undead_e, serial_undead_d,
          serial_undead_d, serial_undead_e, serial_undead_c
D:3:      layout_basic, okawaru_trees_2

Skill      XL: |  1  2  3  4  5 |
---------------+----------------+-----
Conjurations   | 2 3 |  3.3
Fighting       | 1 2 |  2.1
Dodging        | 3 |  3.4
Fire Magic     | 4 |  4.2
Spellcasting   | 3 |  3.0
Stealth        | |  2.0

Action                   |  1- 3 |  4- 6 || total
-------------------------+-------+-------++-------
Melee: Dagger            |    33 |       ||    33
       Unarmed           |     5 |       ||     5
       Kick              |    10 |    13 ||    23
       Peck              |     5 |     3 ||     8
       Short sword       |    13 |    59 ||    72
 Cast: Foxfire           |    16 |    53 ||    69
  Use: Scroll            |     4 |     3 ||     7
 Stab: Sleeping          |     3 |     4 ||     7
       Distracted        |     1 |       ||     1
  Eat: Chunk             |       |     4 ||     4
Armor: Robe              |     2 |    18 ||    20
Dodge: Dodged            |    49 |   107 ||   156

Table legend:
 A = Non-vault XP
 B = Vault XP
 C = Vault XP percentage of total XP
 D = Non-vault monster count
 E = Vault monster count
 F = Vault count percentage of total count
                 A         B        C        D         E       F
            +---------+---------+-------+---------+---------+-------
      Total |     282 |       6 |   2.1 |      71 |       5 |   6.6
            +---------+---------+-------+---------+---------+-------
        D:1 |      29 |       0 |   0.0 |      18 |       0 |   0.0
        D:2 |     139 |       6 |   4.1 |      32 |       5 |  13.5
        D:3 |     114 |       0 |   0.0 |      21 |       0 |   0.0
            +---------+---------+-------+---------+---------+-------
